 Dungeon Crawl Stone Soup version 0.23-a0-358-g98c7a59 (webtiles) character file.

919 BingusPrime the Sneak (level 8, -5/52 HPs)
             Began as an Octopode Warper on Oct 22, 2018.
             Was an Initiate of Dithmenos.
             Killed from afar by an electric eel (13 damage)
             ... with a bolt of electricity
             ... on level 6 of the Dungeon.
             The game lasted 00:20:43 (5964 turns).

BingusPrime the Sneak (Octopode Warper)             Turns: 5964, Time: 00:20:44

Health: -5/52      AC:  4    Str: 10      XL:     8   Next: 9%
Magic:  6/12       EV: 15    Int: 16 (17) God:    Dithmenos [......]
Gold:   226        SH:  0    Dex: 13 (14) Spells: 2/12 levels left

rFire    . . .     SeeInvis .   t - +0 falchion
rCold    . . .     Gourm    .   (no shield)
rNeg     . . .     Faith    .   p - +1 hat
rPois    .         Spirit   .   (no amulet)
rElec    .         Reflect  .   (no ring)
rCorr    .         Harm     .   (no ring)
MR       .....                  (no ring)
Stlth    +++++.....             (no ring)
HPRegen  0.17/turn              (no ring)
MPRegen  0.13/turn              (no ring)
                                (no ring)
                                (no ring)

@: shrouded
A: almost no armour, stealthy swim, amphibious, 8 rings, constrict 8, slimy
green scales 1, camouflage 1, clever 1, deterioration 1, gelatinous body 1
a: Renounce Religion


You were on level 6 of the Dungeon.
You worshipped Dithmenos.
Dithmenos was noncommittal.
You were very hungry.

You visited 2 branches of the dungeon, and saw 7 of its levels.

You collected 226 gold pieces.

Inventory:

Hand Weapons
 a - a +0 falchion
 t - a +0 falchion (weapon)
Missiles
 d - 5 tomahawks of dispersal (quivered)
Armour
 p - a +1 hat (worn)
Magical Staves
 q - an uncursed staff of air
Jewellery
 b - an uncursed amulet of guardian spirit
Wands
 v - a wand of iceblast (11)
Scrolls
 c - a scroll of blinking
 e - a scroll of teleportation
 g - 2 scrolls of remove curse
 j - 2 scrolls of magic mapping
 l - a scroll of fear {unknown}
 m - a scroll of random uselessness {unknown}
 n - a scroll of enchant weapon {unknown}
 o - 2 scrolls of identify
 u - a scroll of noise {unknown}
Potions
 h - 2 potions of flight
 i - a potion of curing {unknown}
 k - a potion of agility
 r - a potion of might {unknown}
 s - a potion of degeneration {unknown}
Comestibles
 f - 5 rations


   Skills:
 + Level 3.3 Fighting
 + Level 5.6 Long Blades
 + Level 1.2 Throwing
 + Level 4.0 Dodging
 * Level 5.8 Stealth
 + Level 2.9 Spellcasting
 + Level 0.6 Charms
 + Level 4.0 Translocations
 + Level 0.2 Evocations


You had 2 spell levels left.
You knew the following spells:

 Your Spells              Type           Power        Failure   Level  Hunger
a - Blink                 Tloc           N/A          5%          2    ##.....
b - Shroud of Golubria    Chrm/Tloc      #.........   11%         2    ##.....
c - Gell's Gravitas       Tloc           ###.......   11%         3    ###....
d - Teleport Other        Tloc           ###.....     11%         3    ###....

Your spell library contained the following spells:

 Spells                   Type           Power        Failure   Level  Hunger
 Lesser Beckoning         Tloc           ###.......   11%         3    ###....
 Passage of Golubria      Tloc           N/A          34%         4    #####..


Dungeon Overview and Level Annotations

Branches:
Dungeon (6/15)             Temple (1/1) D:6

Altars:
Ashenzari
Cheibriados
Dithmenos
Elyvilon
Hepliaklqana
Kikubaaqudgha
Okawaru
Qazlal
Ru
Sif Muna
Trog
Xom
The Shining One

Shops:
D:4 =

Annotations:
D:3 2 transporters, RedSky's ghost, amateur DECj
D:5 2 transporters, garrulousMonolith's ghost, novice GnEE


Innate Abilities, Weirdness & Mutations

You cannot wear most types of armour.
You are very stealthy in the water. (Stealth+)
You are amphibious.
You can wear up to eight rings at the same time.
You can use your tentacles to constrict eight enemies at once.
Your skin changes colour to match your surroundings (Stealth+).
Your rubbery body absorbs attacks. (AC +1, EV +1)
You are partially covered in slimy green scales. (AC +2)
Your mind is acute. (Int +2)
Your body sometimes deteriorates upon taking damage.


Message History

The electric eel shoots out a bolt of lightning at you!
The bolt of electricity misses you.
You miss the electric eel. Your grab misses the electric eel.
The electric eel is almost dead.
The electric eel shoots out a bolt of lightning at you!
The bolt of electricity hits the electric eel.
The electric eel completely resists.
The bolt of electricity hits you!
The electric eel shoots out a bolt of lightning at you!
The bolt of electricity hits you!
* * * LOW HITPOINT WARNING * * *
Your body deteriorates!
You feel clumsy.
Okay, then.
Casting: Shroud of Golubria (safe; 11% risk of failure)
Confirm with . or Enter, or press ? or * to list all spells.
You blink.
Floosh!
A bullfrog comes into view.
The electric eel shoots out a bolt of lightning at you!
The bolt of electricity hits you!
You die...

#######.# .....##.#
≈≈P≈≈≈≈≈P≈♣ ####.##.#
♣♣♣≈≈≈≈≈≈≈P≈P #.##.#
#♣P≈≈≈≈≈≈≈≈≈≈P #.##.#
≈J≈≈≈≈≈≈≈≈≈≈≈
####.##.###♣♣P≈≈≈≈≈≈≈≈P≈
..........§;♣♣≈≈≈≈≈≈≈≈≈≈
####.##..##♣;≈≈≈≈≈≈≈≈≈≈≈
# #.##..# ♣≈P≈≈@≈≈≈≈≈≈≈
# #.##..# ♣♣P♣≈≈≈≈≈≈≈≈≈
####.##..# ≈≈≈≈≈≈≈≈≈≈≈
.....##..###≈≈P≈≈≈≈≈≈≈≈≈
..........##≈♣♣P≈≈≈≈≈≈≈≈
#########.##♣ PF≈≈P≈♣≈P♣
.....# #.# ≈♣≈≈≈♣P≈P≈≈♣
....§# #.# #≈♣≈P≈≈≈≈≈≈♣
.....# #.# ≈♣≈≈≈


You could see a bullfrog (sleeping), 2 electric eels and an ooze.

Vanquished Creatures
  Edmund (D:5)
  An orc warrior (D:6)
  A black bear (D:6)
  An ogre (D:4)
  A bullfrog (D:6)
  A crimson imp (D:6)
  An orc priest (D:3)
  A bullfrog skeleton (D:6)
  2 iguanas
  An orc wizard (D:6)
  4 worker ants
  A killer bee zombie (D:6)
  6 adders
  An ooze (D:5)
  An adder skeleton (D:6)
  4 worms
  3 dart slugs
  4 leopard geckos
  20 orcs
  8 bats
  4 giant cockroaches
  6 goblins
  6 hobgoblins
  10 jackals
  4 quokkas
  A ball python (D:5)
  3 frilled lizards
  7 kobolds
  9 rats
113 creatures vanquished.

Vanquished Creatures (others)
  2 plants (D:1)
2 creatures vanquished.

Grand Total: 115 creatures vanquished

Notes
Turn   | Place    | Note
-------+----------+-------------------------------------------
     0 | D:1      | BingusPrime the Octopode Warper began the quest for the
                  | Orb.
     0 | D:1      | Reached XP level 1. HP: 14/14 MP: 3/3
   466 | D:1      | Reached XP level 2. HP: 19/19 MP: 5/5
   882 | D:1      | Gained mutation: Your mind is acute. (Int +2) [potion of
                  | mutation]
   882 | D:1      | Gained mutation: Your body sometimes deteriorates upon
                  | taking damage. [potion of mutation]
   882 | D:1      | Gained mutation: You are partially covered in slimy green
                  | scales. (AC +2) [potion of mutation]
  1430 | D:1      | Learned a level 2 spell: Blink
  1433 | D:1      | Learned a level 2 spell: Shroud of Golubria
  1506 | D:2      | Reached skill level 1 in Stealth
  1506 | D:2      | Reached XP level 3. HP: 18/24 MP: 3/6
  1972 | D:2      | You fall through a shaft!
  1972 | D:3      | Found a transporter.
  1972 | D:3      | Noticed RedSky's ghost (amateur DECj)
  1983 | D:3      | Reached XP level 4. HP: 26/30 MP: 5/7
  1988 | D:3      | Learned a level 3 spell: Gell's Gravitas
  2119 | D:3      | Reached XP level 5. HP: 32/35 MP: 5/8
  2163 | D:3      | Noticed a hungry ghost
  2238 | D:3      | Found a transporter.
  2352 | D:3      | Found a bloodstained altar of Trog.
  3020 | D:4      | Found Leanonyf's Jewellery Boutique.
  3105 | D:4      | Found a stormy altar of Qazlal.
  3151 | D:4      | Found a snail-covered altar of Cheibriados.
  3151 | D:4      | Found a sacrificial altar of Ru.
  3272 | D:4      | Found a shattered altar of Ashenzari.
  3517 | D:4      | Noticed an ogre
  3522 | D:4      | Killed an ogre
  3522 | D:4      | Reached XP level 6. HP: 41/41 MP: 9/9
  3746 | D:5      | Entered Level 5 of the Dungeon
  4150 | D:5      | Noticed Edmund
  4461 | D:5      | Killed Edmund
  4461 | D:5      | Reached skill level 5 in Stealth
  4461 | D:5      | Reached XP level 7. HP: 33/46 MP: 8/11
  4549 | D:5      | Noticed garrulousMonolith's ghost (novice GnEE)
  4553 | D:5      | Found a transporter.
  4626 | D:5      | Found a transporter.
  4626 | D:5      | Noticed a hungry ghost
  4743 | D:5      | Found a sacrificial altar of Ru.
  5124 | D:6      | Learned a level 3 spell: Teleport Other
  5210 | D:6      | Reached skill level 5 in Long Blades
  5536 | D:6      | Reached XP level 8. HP: 42/52 MP: 9/12
  5812 | D:6      | Found a staircase to the Ecumenical Temple.
  5821 | Temple   | Entered the Ecumenical Temple
  5859 | Temple   | Became a worshipper of Dithmenos the Shadowed
  5964 | D:6      | Killed from afar by an electric eel

Vault maps used:
D:1:      evilmike_arrival_crescent, lexackson_kobold_supper
D:3:      bloody_trog, gammafunk_ghost_mausoleum
D:4:      kennysheep_mini_moat, grunt_qazlal_clouds,
          gammafunk_temple_overflow_pools, serial_shops, shop
D:5:      first_ration, gammafunk_ghost_mausoleum,
          nicolae_ru_the_path_less_chosen, uniq_edmund
D:6:      lemuel_temple_firewalk_b, hangedman_decor_opposing,
          eino_small_chamber_without_monster, serial_bayou_lake_a
Temple:   regret_index_temple_waves

Skill      XL: |  1  2  3  4  5  6  7 |
---------------+----------------------+-----
Stealth        | 1 2 4 5 |  5.8
Long Blades    | 3 4 5 |  5.6
Dodging        | 3 4 |  4.0
Fighting       | 3 |  3.3
Translocations | 4 |  4.0
Throwing       | |  1.2
Spellcasting   | |  2.9
Charms         | |  0.6
Evocations     | |  0.2

Action                   |  1- 3 |  4- 6 |  7- 9 || total
-------------------------+-------+-------+-------++-------
Melee: Falchion          |    78 |   137 |    76 ||   291
       Constrict         |    20 |    39 |    15 ||    74
       Tentacles         |    13 |    33 |    16 ||    62
 Cast: Shroud of Golubri |     1 |     6 |     4 ||    11
       Blink             |       |     5 |     1 ||     6
       Gell's Gravitas   |       |     2 |     1 ||     3
       Teleport Other    |       |       |     3 ||     3
Evoke: Wand              |       |     4 |       ||     4
  Use: Scroll            |     7 |     4 |       ||    11
       Potion            |     1 |       |     1 ||     2
 Stab: Sleeping          |     3 |     6 |     3 ||    12
  Eat: Chunk             |     3 |     4 |     3 ||    10
       Ration            |       |     2 |       ||     2
Armor: Skin              |    19 |    23 |    17 ||    59
Dodge: Dodged            |    58 |   133 |    56 ||   247
       Rpst.: Falchion   |    12 |    47 |    19 ||    78

Table legend:
 A = Non-vault XP
 B = Vault XP
 C = Vault XP percentage of total XP
 D = Non-vault monster count
 E = Vault monster count
 F = Vault count percentage of total count
                 A         B        C        D         E       F
            +---------+---------+-------+---------+---------+-------
      Total |    1135 |     178 |  13.6 |     104 |       9 |   8.0
            +---------+---------+-------+---------+---------+-------
        D:1 |      16 |      14 |  46.7 |       9 |       8 |  47.1
        D:2 |      71 |       0 |   0.0 |      27 |       0 |   0.0
        D:3 |     152 |       0 |   0.0 |      26 |       0 |   0.0
        D:4 |     154 |       0 |   0.0 |       7 |       0 |   0.0
        D:5 |     182 |     164 |  47.4 |      20 |       1 |   4.8
        D:6 |     560 |       0 |   0.0 |      15 |       0 |   0.0
            +---------+---------+-------+---------+---------+-------
